 Dungeon Crawl Stone Soup version 0.23.2-1-ga50397a (webtiles) character file.

Game seed: 7624063579079543832

409 diana the Slasher (level 6, -4/49 HPs)
             Began as a Demonspawn Gladiator on May 22, 2019.
             Was an Initiate of Gozag.
             Splashed by a jelly's acid (8 damage)
             ... on level 5 of the Dungeon.
             The game lasted 00:05:45 (4287 turns).

diana the Slasher (Demonspawn Gladiator)            Turns: 4287, Time: 00:05:46

Health: -4/49      AC: -7    Str: 16    XL:     6   Next: 58%
Magic:  0/6        EV: 12    Int:  9    God:    Gozag
Gold:   468        SH:  0    Dex: 15    Spells: 5/5 levels left

rFire    . . .     SeeInvis .   a - +0 long sword
rCold    . . .     Gourm    .   (no shield)
rNeg     . . .     Faith    .   o - +0 ring mail
rPois    .         Spirit   +   c - +0 helmet
rElec    .         Reflect  .   (no cloak)
rCorr    .         Harm     .   (no gloves)
MR       .....                  (no boots)
Stlth    ++........             (no amulet)
HPRegen  0.16/turn              (no ring)
MPRegen  0.10/turn              (no ring)

@: corroded
A: rugged brown scales 2, nightstalker 1, magic shield
a: Potion Petition, Call Merchant, Bribe Branch, Renounce Religion


You were on level 5 of the Dungeon.
You worshipped Gozag.
Gozag was aware of your devotion.
You were not hungry.

You visited 1 branch of the dungeon, and saw 5 of its levels.

You collected 495 gold pieces.
You paid 27 gold pieces to Gozag.

Inventory:

Hand Weapons
 a - a +0 long sword (weapon)
Missiles
 d - 2 throwing nets (quivered)
Armour
 b - a +0 leather armour
 c - a +0 helmet (worn)
 o - a +0 ring mail (worn)
Scrolls
 j - 2 scrolls of teleportation {unknown}
 k - a scroll of identify {unknown}
 p - a scroll of enchant armour {unknown}
 q - 2 scrolls of immolation {unknown}
Potions
 e - a potion of cancellation {unknown}
 g - a potion of brilliance {unknown}
 h - a potion of agility
 i - 2 potions of curing
 l - a potion of magic {unknown}
 m - a potion of ambrosia {unknown}
 n - a potion of lignification {unknown}
Comestibles
 f - 3 rations


   Skills:
 + Level 3.5 Fighting
 * Level 4.8 Long Blades
 - Level 1.7 Throwing
 + Level 2.4 Armour
 + Level 3.8 Dodging


You had 5 spell levels left.
You didn't know any spells.
Your spell library was empty.

Dungeon Overview and Level Annotations

Branches:
Dungeon (5/15)
 Temple: D:4-7

Altars:
Gozag
Hepliaklqana
Sif Muna
Trog
Uskayaw
Vehumet
Yredelemnul
The Shining One


Innate Abilities, Weirdness & Mutations

You are mostly covered in rugged brown scales. (AC +2, +5% HP)
You are slightly more attuned to the shadows.
When hurt, damage is shared between your health and your magic reserves.


Message History

You are too injured to fight recklessly!
You are too injured to fight recklessly!
Your ring mail prevents you from hitting the jelly.
The jelly is heavily wounded.
The jelly hits you. The acid corrodes you!
You are splashed with acid!
* * * LOW HITPOINT WARNING * * *
You hit the jelly.
Your hands burn!
* * * LOW HITPOINT WARNING * * *
The jelly is severely wounded.
The jelly completely misses you.
You riposte.
You hit the jelly but do no damage.
The jelly is severely wounded.
You hit the jelly but do no damage.
Your hands burn!
* * * LOW HITPOINT WARNING * * *
The jelly is severely wounded.
The jelly hits you.
* * * LOW HITPOINT WARNING * * *
You are splashed with acid!
You die...
Your body crumbles into a pile of gold.

#. #.# ##....###
#.##.######)......#
#.................#
##...####..........
#...# ##(........
#...# ##(.(..>..
#...#######(..)...
#J............)...
#@.#######..##....
#..# #..##....
#..#######..##....
#.........).......
#.########..#####.
#.# #..# #. #.#
#..# #. #.. #..# #.
### #..# #.


You could see a jelly.

Vanquished Creatures
  An ogre (D:4)
  2 hounds (D:3)
  An orc priest (D:5)
  2 orc wizards (D:4)
  3 worker ants (D:4)
  An adder (D:4)
  An adder zombie (D:5)
  3 oozes
  2 worms (D:2)
  2 dart slugs
  15 orcs
  3 bats
  2 giant cockroaches
  3 goblins
  6 hobgoblins
  2 jackals (D:2)
  A ball python (D:2)
  6 frilled lizards
  5 kobolds
  5 rats
66 creatures vanquished.

Vanquished Creatures (others)
  A worm (D:3)
1 creature vanquished.

Grand Total: 67 creatures vanquished

Notes
Turn   | Place    | Note
-------+----------+-------------------------------------------
     0 | D:1      | diana the Demonspawn Gladiator began the quest for the Orb.
     0 | D:1      | Reached XP level 1. HP: 16/16 MP: 1/1
   255 | D:1      | Gained mutation: You are partially covered in rugged brown
                  | scales. (AC +1, +3% HP) [demonic ancestry]
   255 | D:1      | Reached XP level 2. HP: 15/22 MP: 2/2
   305 | D:1      | Reached skill level 3 in Long Blades
   994 | D:2      | Reached XP level 3. HP: 19/28 MP: 3/3
  1493 | D:2      | Reached skill level 1 in Armour
  1534 | D:2      | Found a basalt altar of Yredelemnul.
  1534 | D:2      | Found an opulent altar of Gozag.
  1542 | D:2      | Became a worshipper of Gozag Ym Sagoz the Greedy
  1622 | D:3      | Found a faded altar of an unknown god.
  1801 | D:3      | Found a glowing golden altar of the Shining One.
  1813 | D:3      | Found a bloodstained altar of Trog.
  2183 | D:3      | Gained mutation: You are mostly covered in rugged brown
                  | scales. (AC +2, +5% HP) [demonic ancestry]
  2183 | D:3      | Reached XP level 4. HP: 27/35 MP: 4/4
  2346 | D:4      | Noticed an ogre
  2520 | D:4      | Reached skill level 4 in Long Blades
  2520 | D:4      | Gained mutation: You are slightly more attuned to the
                  | shadows. [demonic ancestry]
  2520 | D:4      | Reached XP level 5. HP: 32/42 MP: 5/5
  3195 | D:4      | You fall through a shaft!
  3195 | D:5      | Entered Level 5 of the Dungeon
  3220 | D:5      | Gained mutation: When hurt, damage is shared between your
                  | health and your magic reserves. [demonic ancestry]
  3220 | D:5      | Reached XP level 6. HP: 45/49 MP: 6/6
  3451 | D:5      | Found a radiant altar of Vehumet.
  3679 | D:4      | Found a hazy altar of Hepliaklqana.
  4161 | D:4      | Found a hide-covered altar of Uskayaw.
  4162 | D:4      | Found a deep blue altar of Sif Muna.
  4287 | D:5      | Splashed by a jelly's acid

Skill      XL: |  1  2  3  4  5 |
---------------+----------------+-----
Long Blades    | 3 4 |  4.8
Dodging        | 3 |  3.8
Armour         | 1 2 |  2.4
Fighting       | 3 |  3.5
Throwing       | |  1.7

Action                   |  1- 3 |  4- 6 || total
-------------------------+-------+-------++-------
Melee: Long sword        |   116 |   147 ||   263
Throw: Throwing net      |       |     2 ||     2
  Use: Potion            |       |     2 ||     2
 Stab: Distracted        |       |     2 ||     2
  Eat: Chunk             |     2 |       ||     2
       Ration            |     1 |     2 ||     3
Armor: Leather armour    |    34 |       ||    34
       Ring mail         |    11 |    69 ||    80
Dodge: Dodged            |    80 |   136 ||   216
       Rpst.: Long sword |    19 |    48 ||    67
